AoeStats
← Light Cav OP

Arabia

509538925Analyzed
1v1 RM · 4d ago on Sep 27, 2026· 33m 15s· 2 players
Game mode
Random Map
Map size
Tiny (2 player)
Population
200
Speed
Normal
Resources
Standard
Victory
Conquest
Starting age
Dark Age
Ending age
Imperial Age
RankedLock teamsTeams togetherTeam positionsShared explorationLock speedFull tech treeHidden civsTurbo modeCheats
Victory
Defeat
🇵🇪 Bengalis · Peru
1961
+24
🇺🇸 Berbers · United States
2149
-24
[VL] Lil Franco
5:33 Loom
5:43 Loom
9:11 Feudal Age
9:21 Man-at-Arms
13:03 Fletching
14:13 Double-Bit Axe
16:10 Horse Collar
18:47 Wheelbarrow
21:54 Castle Age
20:29 Gold Mining
21:58 Crossbowman
22:38 Bodkin Arrow
22:14 Light Cavalry
23:58 Padded Archer Armor
26:44 Town Watch
27:12 Bow Saw
33:05 Imperial Age
31:02 Ballistics
33:48 Bracer
34:51 Chemistry
Light Cav OP
6:39 Loom
8:51 Feudal Age
10:24 Double-Bit Axe
11:43 Horse Collar
14:58 Fletching
16:05 Padded Archer Armor
18:08 Wheelbarrow
21:25 Castle Age
20:36 Bloodlines
21:11 Scale Barding Armor
22:10 Forging
22:21 Bow Saw
25:42 Husbandry
26:06 Chain Barding Armor
26:51 Light Cavalry
28:18 Forging
30:20 Iron Casting
31:51 Heavy Plow
33:23 Hand Cart
Connection lost

Rejoining the realm…

Still unreachable

The connection could not be restored.

Session expired

The server has moved on; the page needs a fresh start.